AoeStats
← 只会打步弓

Arabia

510068186Analyzed
1v1 RM · 2d ago on Sep 29, 2026· 42m 0s· 2 players
Game mode
Random Map
Map size
Tiny (2 player)
Population
200
Speed
Normal
Resources
Standard
Victory
Conquest
Starting age
Dark Age
Ending age
Imperial Age
RankedLock teamsTeams togetherTeam positionsShared explorationLock speedFull tech treeHidden civsTurbo modeCheats
Victory
Defeat
🇨🇳 Mapuche · China
1904
+12
🇷🇴 Danes · Romania
1816
-12
ImperPok
6:31 Loom
8:44 Feudal Age
9:22 Double-Bit Axe
9:37 Man-at-Arms
18:26 Castle Age
17:14 Scale Mail Armor
17:27 Forging
16:59 Horse Collar
17:27 Gold Mining
17:53 Arson
19:35 Bow Saw
19:38 Squires
21:34 Gambesons
23:19 Chain Mail Armor
31:19 Ballistics
42:45 Imperial Age
42:08 Wheelbarrow
41:34 Heavy Plow
42:34 Gold Shaft Mining
41:49 Stone Mining
只会打步弓
6:00 Loom
8:46 Feudal Age
10:08 Wheelbarrow
9:02 Champi Runner
11:00 Double-Bit Axe
14:03 Arson
19:19 Castle Age
17:18 Horse Collar
18:04 Fletching
18:28 Gold Mining
20:00 Bodkin Arrow
21:02 Padded Archer Armor
21:16 Bow Saw
22:43 Leather Archer Armor
23:19 Ballistics
35:17 Heavy Plow
39:16 Imperial Age
39:12 Gold Shaft Mining
39:58 Malon
41:01 Chemistry
41:00 Ring Archer Armor
42:04 Conscription
42:41 Crop Rotation
42:02 Stone Mining
Connection lost

Rejoining the realm…

Still unreachable

The connection could not be restored.

Session expired

The server has moved on; the page needs a fresh start.